 Dungeon Crawl Stone Soup version 0.28.0-53-g5a82cb258f (webtiles) character file.

Game seed: 11394950678495118749

382658 Peloso the Hoplite (level 21, -1/204 (211) HPs)
             Began as a Minotaur Fighter on June 3, 2022.
             Was the Champion of Okawaru.
             Killed from afar by a tengu reaver (47 damage)
             ... with a bolt of acid
             ... on level 5 of the Vaults.
             The game lasted 02:26:41 (47180 turns).

Peloso the Hoplite (Minotaur Fighter)              Turns: 47180, Time: 02:26:41

HP:   -1/204 (211)  AC: 29    Str: 35    XL:     21   Next: 93%
MP:   21/22         EV: 11    Int:  5    God:    Okawaru [******]
Gold: 5157          SH: 36    Dex: 16    Spells: 20/20 levels left

rFire   + . .      SeeInvis +   a - +7 Singing Sword {vorpal, sonic wave}
rCold   + + +      Faith    .   e - +18 shield of the Gong {rElec rN+ Will+ EV-5}
rNeg    + . .      Spirit   .   U - +0 plate armour {rF+}
rPois   +          Reflect  .   (helmet restricted)
rElec   +          Harm     .   q - +2 cloak {rPois}
rCorr   .          Rampage  .   (no gloves)
Will    ++...                   L - +1 pair of boots "Ryviwus" {Str+2 SInv}
Stlth   ..........              N - amulet "Ewkiwn" {rC++ Regen+ Dex-3 Slay+6 SInv}
HPRegen 1.24/turn               y - +4 ring of slaying
MPRegen 0.18/turn               P - ring "Saydeot" {rC+ Str+6 Dex+4 SInv}

@: about to teleport, heroic, marked, hasted, lightly drained, very quick
A: horns 2, retaliatory headbutt
}: 2/15 runes: decaying, serpentine
a: Renounce Religion, Heroism, Finesse, Duel


You were on level 5 of the Vaults.
You worshipped Okawaru.
Okawaru was exalted by your worship.
You visited 8 branches of the dungeon, and saw 40 of its levels.
You also visited: Ossuary, Gauntlet and Ice Cave.

You collected 5754 gold pieces.
You spent 597 gold pieces at shops.

Inventory:

Hand Weapons
 a - the +7 Singing Sword (weapon) {vorpal, sonic wave}
   (You found it on level 5 of the Dungeon)

   It inflicts extra damage upon your enemies.
   It radiates damaging sonic waves as it strikes, especially in combat
   involving dangerous or numerous foes.
 b - a +2 demon blade of flaming
 c - a +3 double sword of electrocution
 D - the +8 long sword "Zaeqor" {vorpal, Fly rC+ Str+5}
   (You bought it in a shop on level 1 of the Elven Halls)

   It inflicts extra damage upon your enemies.
   Str:       It affects your strength (+5).
   rC:        It protects you from cold.
   Fly:       It grants you flight.
Armour
 e - the +18 shield of the Gong (worn) {rElec rN+ Will+ EV-5}
   (Okawaru gifted it to you on level 15 of the Dungeon)

   It is deafeningly noisy when blocking attacks.
   EV:        It affects your evasion (-5).
   rElec:     It insulates you from electricity.
   rN:        It protects you from negative energy.
   Will:      It increases your willpower.
 q - a +2 cloak of poison resistance (worn)
 s - a +1 tower shield of reflection
 v - +0 storm dragon scales
 z - quicksilver dragon scales
 B - the +0 cloak of Viny Awe {rC- Str+7}
   (You found it on level 6 of the Lair of Beasts)

   Str:       It affects your strength (+7).
   rC:        It makes you vulnerable to cold.
 L - the +1 pair of boots "Ryviwus" (worn) {Str+2 SInv}
   (You found it on level 3 of the Elven Halls)

   Str:       It affects your strength (+2).
   SInv:      It lets you see invisible.
 U - a +0 plate armour of fire resistance (worn)
Jewellery
 i - an amulet of guardian spirit
 m - the ring of Ignis's Benevolence {rElec rN+++ EV+4 Str-5 Int-5}
   (You found it in a Gauntlet)

   [ring of evasion]

   EV:        It affects your evasion (+4).
   Str:       It affects your strength (-5).
   Int:       It affects your intelligence (-5).
   rElec:     It insulates you from electricity.
   rN:        It renders you almost immune to negative energy.
 y - a +4 ring of slaying (left hand)
 N - the amulet "Ewkiwn" (around neck) {rC++ Regen+ Dex-3 Slay+6 SInv}
   (You found it in a Gauntlet)

   [amulet of regeneration]

   Dex:       It affects your dexterity (-3).
   Slay:      It affects your accuracy & damage with ranged weapons and melee
   (+6).
   rC:        It greatly protects you from cold.
   SInv:      It lets you see invisible.
   Regen:     It increases your rate of health regeneration.
 P - the ring "Saydeot" (right hand) {rC+ Str+6 Dex+4 SInv}
   (You found it on level 4 of the Swamp)

   [ring of protection from cold]

   Str:       It affects your strength (+6).
   Dex:       It affects your dexterity (+4).
   rC:        It protects you from cold.
   SInv:      It lets you see invisible.
Wands
 f - a wand of iceblast (3)
 F - a wand of digging (15)
Scrolls
 h - 17 scrolls of teleportation
 j - a scroll of fog
 l - 5 scrolls of magic mapping
 n - 10 scrolls of blinking
 o - 6 scrolls of fear
 r - 4 scrolls of immolation
 u - a scroll of acquirement
 C - 7 scrolls of noise
 I - 28 scrolls of identify
Potions
 d - 9 potions of might
 g - a potion of heal wounds
 k - 5 potions of invisibility
 p - 5 potions of resistance
 t - 6 potions of haste
 w - 3 potions of mutation
 x - 3 potions of berserk rage
 A - 11 potions of curing


   Skills:
 + Level 23.2(27) Fighting
 + Level 24.1(27) Long Blades
 + Level 1.8(6.8) Maces & Flails
 + Level 21.1(26.1) Armour
 + Level 8.1(13.1) Dodging
 + Level 4.6(9.6) Stealth
 + Level 25.1(27) Shields
 + Level 2.9 Invocations
 + Level 2.2 Evocations


You had 20 spell levels left.
You didn't know any spells.
Your spell library contained the following spells:

 Spells                   Type           Power      Damage    Failure   Level
 Apportation              Tloc           0%         N/A       80%         1
 Foxfire                  Conj/Fire      0%         2x1d4     80%         1
 Sandblast                Erth           0%         2d4       80%         1
 Shock                    Conj/Air       0%         1d3       80%         1
 Blink                    Tloc           0%         N/A       90%         2
 Corpse Rot               Necr/Air       0%         N/A       90%         2
 Ensorcelled Hibernation  Hex/Ice        0%         N/A       90%         2
 Passwall                 Tmut/Erth      0%         N/A       90%         2
 Poisonous Vapours        Pois/Air       0%         N/A       90%         2
 Scorch                   Fire           0%         2d5       90%         2
 Searing Ray              Conj           0%         2d4       90%         2
 Sublimation of Blood     Necr           0%         N/A       90%         2
 Conjure Flame            Conj/Fire      0%         6-21      99%         3
 Dazzling Flash           Conj/Hex       0%         N/A       99%         3
 Gell's Gravitas          Tloc           0%         N/A       99%         3
 Inner Flame              Hex/Fire       0%         N/A       99%         3
 Lesser Beckoning         Tloc           0%         N/A       99%         3
 Ozocubu's Armour         Ice            0%         N/A       99%         3
 Spider Form              Tmut/Pois      0%         N/A       99%         3
 Stone Arrow              Conj/Erth      0%         3d7       99%         3
 Swiftness                Air            0%         N/A       99%         3
 Teleport Other           Tloc           0%         N/A       99%         3
 Airstrike                Air            0%         N/A       100%        4
 Anguish                  Hex/Necr       0%         N/A       100%        4
 Dispel Undead            Necr           0%         3d6       100%        4
 Flame Wave               Conj/Fire      0%         2d4       100%        4
 Leda's Liquefaction      Hex/Erth       0%         N/A       100%        4
 Olgreb's Toxic Radiance  Pois           0%         N/A       100%        4
 Passage of Golubria      Tloc           0%         N/A       100%        4
 Petrify                  Tmut/Erth      0%         N/A       100%        4
 Agony                    Necr           0%         N/A       100%        5
 Alistair's Intoxication  Tmut/Pois      0%         N/A       100%        5
 Fireball                 Conj/Fire      0%         3d3       100%        5
 Freezing Cloud           Conj/Ice/Air   0%         6-21      100%        5
 Irradiate                Conj/Tmut      0%         3d14      100%        5
 Lee's Rapid Deconstruct  Erth           0%         3d5*      100%        5
 Lightning Bolt           Conj/Air       0%         1d11      100%        5
 Manifold Assault         Tloc           0%         N/A       100%        5
 Metabolic Englaciation   Hex/Ice        0%         N/A       100%        5
 Silence                  Hex/Air        0%         N/A       100%        5
 Starburst                Conj/Fire      0%         6d3       100%        6
 Statue Form              Tmut/Erth      0%         N/A       100%        6
 Ozocubu's Refrigeration  Ice            0%         4d5       100%        7
 Storm Form               Tmut/Air       0%         N/A       100%        7
 Ignition                 Fire           0%         3d3       100%        8
 Summon Lightning Spire   Summ/Air       Unusable   N/A       N/A         4
 Summon Forest            Summ/Tloc      Unusable   N/A       N/A         5
 Death Channel            Necr           Unusable   N/A       N/A         6
 Summon Cactus Giant      Summ           Unusable   N/A       N/A         6

Dungeon Overview and Level Annotations

Branches:
Dungeon (15/15)            Temple (1/1) D:6            Lair (6/6) D:11
  Swamp (4/4) Lair:4        Snake (4/4) Lair:2        Slime (0/5) Lair:6
    Orc (2/2) D:9             Elf (3/3) Orc:2        Vaults (5/5) D:14
  Crypt (0/3) Vaults:3     Depths (0/4) D:15        Ossuary (visited)
  IceCv (visited)         Gauntlet (visited)

Altars:
Ashenzari
Cheibriados
Dithmenos
Elyvilon
Fedhas
Gozag
Kikubaaqudgha
Nemelex Xobeh
Okawaru
Qazlal
Ru
Sif Muna
Trog
Uskayaw
Vehumet
Wu Jian
Xom
Yredelemnul
Zin
The Shining One
Beogh
Jiyva

Shops:
D:2 *   D:10 *   D:13 ?**   Orc:2 (::=   Elf:1 (([:!   Elf:2 ?*   Elf:3 !
Snake:2 (   Snake:3 (   Vaults:3 (

Portals:
Abyss: Orc:1

Annotations:
Orc:1 Casa -
Elf:2 3 runed translucent doors
Vaults:4 2 transporters, exclusion: orange crystal statue
Vaults:5 Mennas


Innate Abilities, Weirdness & Mutations

You have a pair of horns on your head.
You reflexively headbutt those who attack you in melee.


Message History

The Singing Sword sings several chords at once.
You send a blast of sound all around you.
The storm dragon and the tengu reaver are blasted.
The storm dragon is moderately wounded.
The tengu reaver is severely wounded.
The storm dragon is moderately wounded.
You barely miss the storm dragon. You headbutt the storm dragon.
The storm dragon is moderately wounded.
You block the storm dragon's attack.
PANG!
The storm dragon completely misses you. You block the storm dragon's attack.
GONNNNG!
Unknown command.
You cut the storm dragon into ribbons!!!
The Singing Sword nearly misses the concert pitch.
You send a blast of sound all around you.
The tengu reaver is blasted.
The tengu reaver is severely wounded.
You kill the storm dragon!
Okawaru accepts your kill.
The storm dragon scales are intact enough to wear.
The tengu reaver points at you and mumbles some strange words.
The bolt of acid misses you.
Found 66 gold pieces.
Things that are here:
+0 storm dragon scales; a storm dragon corpse Unknown command.
The tengu reaver casts a spell at you. The bolt of cold hits you! You resist.
The shadow dragon breathes negative energy at you.
The bolt of negative energy hits you!! You partially resist.
You feel drained.
* * * LOW HITPOINT WARNING * * *
As you read the scroll of teleportation, it crumbles to dust.
You feel strangely unstable.
The titan waves its arms in wide circles.
The air twists around and strikes you!
* * * LOW HITPOINT WARNING * * *
The tengu reaver casts a spell at you. The bolt of acid hits you!!!
You die...

.# #.
##.#.#
#.#.#
#.#.#.#
#.#.#
#.#.#.#
#.#.# .# #
#.#.#.#
#Q#p# .#.#
#
#.#.#.#.#C#
.#.#.##
#.#.#Q#D#
#.#.#.#
#.#.#@#
#.#.#.
#[#.#.#
(#.#.#
#$#.#.#.#
#.#...
#########
###.#..
....[..
.......
...D...
......C
#####..


You could see a shadow dragon (catching breath), a titan, a vault warden and a
tengu reaver.

Vanquished Creatures
  Bai Suzhen (Vaults:3)
  the Lernaean hydra (Swamp:4)
  A bone dragon (Vaults:3)
  2 deep elf blademasters (Elf:3)
  2 deep elf master archers (Elf:3)
  3 quicksilver dragons
  A lich (Vaults:4)
  3 titans
  A thorn hunter (Swamp:2)
  2 tengu reavers (Vaults:4)
  A sphinx (Vaults:4)
  A shadow dragon (Vaults:4)
  2 storm dragons
  A daeva (Orc:1)
  Kirke (Lair:6)
  Roxanne (Snake:1)
  A fenstrider witch (Swamp:2)
  A fire giant (Vaults:4)
  Louise (Lair:4)
  9 deep elf sorcerers
  2 frost giants
  13 vault wardens
  A nagaraja (Snake:4)
  Aizul (Snake:1)
  10 very ugly things
  16 ironbound preservers
  6 deep elf elementalists (Elf:3)
  3 stone giants
  6 ironbound thunderhulks
  2 war gargoyles
  5 deep elf demonologists (Elf:3)
  Nessos (Lair:6)
  8 deep elf annihilators
  3 eleionomae
  11 dire elephants
  6 bunyips
  A minotaur (Gauntlet)
  The ghost of Utowni the Cleaver, a journeyman MiBe of Trog (Lair:3)
  A dire elephant (shapeshifter) (Orc:1)
  8 deep elf death magi
  3 ettins
  A fire dragon (D:15)
  2 shambling mangroves
  A crystal guardian (Vaults:2)
  Josephine (Snake:1)
  4 deep elf high priests
  3 ice dragons
  11 yaktaur captains
  28 hydras
  The ghost of Sensen the Carver, a journeyman DrCj of Yredelemnul (Orc:1)
  19 naga warriors
  A peacekeeper (Vaults:2)
  Fannar (Orc:1)
  A great orb of eyes (Vaults:1)
  A hydra (shapeshifter) (Vaults:4)
  A boulder beetle (D:14)
  36 vault guards
  Erolcha (Orc:1)
  2 catoblepae (Lair:6)
  4 salamander tyrants (Snake:4)
  4 ogre magi
  10 ironbound frosthearts
  15 centaur warriors
  7 alligators
  5 anacondas
  2 death scarabs (Gauntlet)
  19 dancing weapons
  11 two-headed ogres
  2 death knights
  5 death yaks
  14 naga sharpshooters
  A two-headed ogre (shapeshifter) (Vaults:4)
  3 titan zombies (Orc:1)
  Urug (Lair:2)
  10 spriggans
  5 hell knights
  5 shock serpents
  11 deep elf knights
  Sonja (Lair:3)
  A spriggan berserker (Swamp:4)
  A fire crab (Gauntlet)
  The ghost of kalagan the Thaumaturge, a novice DECj of Sif Muna (D:8)
  4 goliath frogs
  2 salamander mystics
  3 spriggan druids (Swamp:4)
  3 skeletal warriors (D:15)
  A spectral death yak (Gauntlet)
  27 deep trolls
  A flayed ghost (D:9)
  21 ironbound convokers
  3 naga ritualists
  12 swamp dragons
  A deep troll (shapeshifter) (Vaults:4)
  A mana viper (shapeshifter) (Vaults:4)
  8 wizards
  17 deep elf archers
  6 phantasmal warriors
  8 lindwurms
  12 bog bodies
  8 orc knights
  2 necromancers
  31 deep elf pyromancers
  29 deep elf zephyrmancers
  2 orc sorcerers
  4 mana vipers
  A faun (shapeshifter) (D:15)
  A cyclops (shapeshifter) (Vaults:1)
  23 ugly things
  2 will-o-the-wisps
  A stone giant zombie (Orc:1)
  20 cyclopes
  7 manticores
  A moth of wrath (shapeshifter) (Vaults:4)
  4 salamanders
  Joseph (D:9)
  A fire giant skeleton (Vaults:4)
  2 ice statues (IceCv)
  10 elephants
  28 black mambas
  Maurice (Orc:1)
  5 guardian serpents
  5 torpor snails
  14 naga magi
  2 stone giant skeletons
  An eye of devastation (Gauntlet)
  18 vault sentinels
  13 cane toads
  An elf skeleton (Vaults:4)
  Maggie (D:6)
  3 unseen horrors
  2 kobold demonologists (D:12)
  11 komodo dragons
  6 rime drakes
  3 minotaur zombies (Gauntlet)
  An efreet (D:15)
  2 tengu conjurers (D:11)
  13 yaktaurs
  An ancient zyme (Orc:1)
  11 polar bears
  A queen bee (D:9)
  17 trolls
  13 blink frogs
  8 tyrant leeches
  3 raiju (Lair:6)
  Prince Ribbit (D:9)
  12 hornets
  19 slime creatures
  A dream sheep (shapeshifter) (Orc:1)
  2 dream sheep (Lair:6)
  A slime creature (shapeshifter) (Vaults:4)
  3 centaur simulacra (D:13)
  An air elemental (Elf:3)
  9 wraiths
  4 wyverns
  3 vampires
  3 basilisks
  A basilisk (shapeshifter) (D:13)
  3 water elementals
  40 yaks
  2 fire bats (Gauntlet)
  4 fire elementals
  A golden eye (Gauntlet)
  21 humans
  17 vampire mosquitoes
  2 steam dragons (Lair:1)
  3 spectral komodo dragons (Gauntlet)
  A redback (Vaults:4)
  2 human simulacra (Vaults:2)
  Edmund (D:6)
  33 nagas
  19 swamp worms
  10 wargs
  An acid dragon (D:10)
  18 water moccasins
  2 large abominations (Orc:1)
  A floating eye (Gauntlet)
  14 hell hounds (Lair:6)
  11 swamp drakes
  29 orc warriors
  7 ice beasts
  19 black bears
  30 ogres
  A sky beast (D:5)
  A necrophage (D:6)
  A boggart (Vaults:2)
  10 centaurs
  19 wolves
  2 phantoms
  3 kobold brigands
  A human zombie (Vaults:2)
  10 bullfrogs
  4 earth elementals
  A gnoll sergeant (D:9)
  2 human skeletons (Vaults:4)
  9 scorpions
  2 water moccasin skeletons
  A wyvern skeleton (D:7)
  4 lindwurm simulacra (IceCv)
  33 killer bees
  6 wights
  5 electric eels
  3 howler monkeys (D:12)
  2 centaur zombies
  4 komodo dragon simulacra (IceCv)
  6 quasits (D:8)
  A jelly (D:4)
  25 orc priests
  4 hounds
  3 centaur skeletons
  2 iguanas
  23 orc wizards
  A hell rat (Lair:1)
  A hound skeleton (D:4)
  6 mummies
  A howler monkey zombie (D:9)
  12 gnolls
  5 acid dragon simulacra (IceCv)
  11 adders
  2 shadow imps (D:7)
  A white imp (D:13)
  8 steam dragon simulacra (IceCv)
  An adder skeleton (D:4)
  2 dart slugs
  109 orcs
  11 bats
  3 endoplasms
  2 giant cockroaches (D:1)
  3 goblins
  9 hobgoblins
  4 jackals (D:2)
  3 quokkas
  6 ball pythons
  3 frilled lizards
  2 goblin zombies (Ossuary)
  5 hobgoblin zombies
  16 kobolds
  4 kobold zombies (Ossuary)
  2 orc zombies
  3 quokka zombies (Ossuary)
  4 rats
  4 rat zombies (Ossuary)
  6 briar patches (Swamp:2)
1650 creatures vanquished.

Vanquished Creatures (others)
  A naga warrior (Snake:1)
  A bog body (Swamp:4)
  2 deep elf zephyrmancers
  5 bloated husks
  A water elemental (Elf:1)
  A vampire mosquito (Swamp:1)
  A swamp worm (Swamp:3)
  A bush (Swamp:4)
  10 foxfires
  132 fungi
  160 plants
315 creatures vanquished.

Grand Total: 1965 creatures vanquished

Notes
Turn   | Place    | Note
-------+----------+-------------------------------------------
     0 | D:1      | Peloso the Minotaur Fighter began the quest for the Orb.
     0 | D:1      | Reached XP level 1. HP: 19/19 MP: 0/0
   303 | D:1      | Reached XP level 2. HP: 27/27 MP: 1/1
  1015 | D:2      | Got the Reference Book on Unstable Ignition
  1191 | D:2      | Found Gasotuv's General Store.
  1199 | D:2      | Bought a scroll of teleportation for 33 gold pieces
  1450 | D:2      | Reached XP level 3. HP: 33/33 MP: 2/2
  2149 | D:3      | Found a faded altar of an unknown god.
  2250 | D:3      | Reached skill level 4 in Shields
  2281 | D:3      | Found a stormy altar of Qazlal.
  2322 | D:3      | Reached XP level 4. HP: 36/40 MP: 3/3
  2641 | D:3      | Noticed a scorpion
  2694 | D:3      | Reached skill level 5 in Armour
  2709 | D:3      | Killed a scorpion
  2710 | D:3      | Reached skill level 1 in Dodging
  2710 | D:3      | Reached XP level 5. HP: 26/47 MP: 4/4
  3574 | D:4      | Identified the +6 arbalest "Killer Bee's Curse" {speed,
                  | Contam Will+ Dex+5}
  3630 | D:4      | Reached XP level 6. HP: 53/53 MP: 5/5
  3685 | D:4      | Reached skill level 5 in Long Blades
  4128 | D:3      | Identified the +1 arbalest "Xaagg" {penet, *Slow rF+ Dex+4}
  4155 | D:5      | Entered Level 5 of the Dungeon
  4193 | D:5      | Noticed an ice beast
  4218 | D:5      | Killed an ice beast
  4219 | D:5      | Reached skill level 5 in Fighting
  4219 | D:5      | Reached XP level 7. HP: 43/61 MP: 6/6
  4766 | D:5      | Found the +7 Singing Sword {vorpal, sonic wave}
  5021 | D:5      | Reached skill level 5 in Shields
  5021 | D:5      | Reached XP level 8. HP: 70/70 MP: 7/7
  5075 | D:5      | Reached skill level 1 in Stealth
  5421 | D:6      | Noticed Maggie
  5430 | D:6      | Killed Maggie
  5446 | D:6      | Identified the +1 mace of Rotation {flame, Str+4}
  5601 | D:6      | Noticed Edmund
  5608 | D:6      | Killed Edmund
  5609 | D:6      | Reached XP level 9. HP: 78/78 MP: 8/8
  5929 | D:6      | Found a staircase to the Ecumenical Temple.
  6248 | D:6      | Found a shadowy altar of Dithmenos.
  6572 | Temple   | Entered the Ecumenical Temple
  6667 | Temple   | Became a worshipper of Warmaster Okawaru
  6869 | D:7      | Found a sand-covered staircase.
  6874 | Ossuary  | Entered an ossuary
  7075 | D:7      | Found a shimmering altar of Xom.
  7093 | D:7      | Found an opulent altar of Gozag.
  7151 | D:7      | Found a hide-covered altar of Uskayaw.
  7152 | D:7      | Found a glowing silver altar of Zin.
  7195 | D:7      | Reached skill level 10 in Long Blades
  7418 | D:7      | Reached * piety under Okawaru
  7624 | D:7      | Found a blossoming altar of Fedhas.
  7645 | D:7      | Killed an unseen horror
  8053 | D:8      | Reached skill level 10 in Armour
  8061 | D:8      | Reached XP level 10. HP: 72/86 MP: 9/9
  8078 | D:8      | Paralysed by a hornet for 3 turns
  8089 | D:8      | Reached ** piety under Okawaru
  8470 | D:8      | Found a glowing golden altar of the Shining One.
  8518 | D:8      | Found a transporter.
  8558 | D:8      | Found a transporter.
  8559 | D:8      | Noticed kalagan's ghost (novice DECj)
  8785 | D:8      | Identified the +2 leather armour of Fita {+Blink Str+4}
  9136 | D:9      | Found a sacrificial altar of Ru.
  9241 | D:9      | Noticed a two-headed ogre
  9246 | D:9      | Killed a two-headed ogre
  9246 | D:9      | Reached *** piety under Okawaru
  9247 | D:9      | Reached skill level 6 in Shields
  9249 | D:9      | Noticed Prince Ribbit
  9253 | D:9      | Killed Prince Ribbit
  9378 | D:9      | Found a transporter.
  9382 | D:9      | Found an ancient bone altar of Kikubaaqudgha.
  9384 | D:9      | Noticed a flayed ghost
  9386 | D:9      | Found a basalt altar of Yredelemnul.
  9402 | D:9      | Found a transporter.
  9528 | D:9      | Found a broken altar of Ashenzari.
  9546 | D:9      | Noticed Joseph
  9554 | D:9      | Killed Joseph
  9616 | D:9      | Noticed a two-headed ogre
  9620 | D:9      | Killed a two-headed ogre
  9620 | D:9      | Reached **** piety under Okawaru
  9750 | D:9      | Reached XP level 11. HP: 92/95 MP: 10/10
  9962 | D:9      | Found a staircase to the Orcish Mines.
 10164 | D:10     | Entered Level 10 of the Dungeon
 10195 | D:10     | Found a snail-covered altar of Cheibriados.
 10241 | D:10     | Noticed a centaur warrior
 10242 | D:10     | Noticed a deep elf pyromancer
 10245 | D:10     | Noticed an orc knight
 10246 | D:10     | Noticed a centaur warrior
 10247 | D:10     | Killed a centaur warrior
 10247 | D:10     | Reached ***** piety under Okawaru
 10250 | D:10     | Killed an orc knight
 10253 | D:10     | Killed a deep elf pyromancer
 10253 | D:10     | Killed a centaur warrior
 10294 | D:10     | Reached skill level 15 in Long Blades
 10639 | D:10     | Received a gift from Okawaru
 10941 | D:10     | Found Xiudoehi's General Store.
 11081 | D:11     | Reached skill level 10 in Fighting
 11103 | D:11     | Identified a scroll of acquirement
 11146 | D:11     | Found a gate leading to a gauntlet.
 11155 | Gauntlet | Entered a Gauntlet
 11155 | Gauntlet | Noticed a fire crab
 11155 | Gauntlet | Found a transporter.
 11160 | Gauntlet | Found a transporter.
 11161 | Gauntlet | Found a transporter.
 11176 | Gauntlet | Found a transporter.
 11178 | Gauntlet | Found a transporter.
 11180 | Gauntlet | Noticed a death scarab
 11180 | Gauntlet | Noticed a death scarab
 11191 | Gauntlet | Found a transporter.
 11208 | Gauntlet | Found a transporter.
 11208 | Gauntlet | Noticed a catoblepas
 11216 | Gauntlet | Noticed a death drake
 11218 | Gauntlet | Found a transporter.
 11228 | Gauntlet | Found a transporter.
 11243 | Gauntlet | Found a transporter.
 11253 | Gauntlet | Found a transporter.
 11256 | Gauntlet | Found a transporter.
 11339 | Gauntlet | Found a transporter.
 11360 | Gauntlet | Found a transporter.
 11471 | Gauntlet | Killed a fire crab
 11480 | Gauntlet | Identified the ring of Ignis's Benevolence {rElec rN+++
                  | EV+4 Str-5 Int-5}
 11546 | Gauntlet | Reached XP level 12. HP: 108/108 MP: 8/11
 11546 | Gauntlet | Paralysed by a floating eye for 3 turns
 11559 | Gauntlet | Identified the +3 chain mail of Wapnam {-Tele rN++ Str+6}
 11581 | Gauntlet | Killed a death scarab
 11582 | Gauntlet | Killed a death scarab
 11582 | Gauntlet | Received a gift from Okawaru
 11600 | Gauntlet | Reached skill level 7 in Shields
 11605 | Gauntlet | Identified the amulet "Ewkiwn" {rC++ Regen+ Dex-3 Slay+6
                  | SInv}
 11647 | Gauntlet | Noticed a minotaur
 11655 | Gauntlet | Killed a minotaur
 11656 | Gauntlet | Reached skill level 1 in Invocations
 11659 | Gauntlet | Identified the +4 long sword "Iminaps" {freeze, rF++}
 11684 | Gauntlet | Received a gift from Okawaru
 11918 | D:11     | Noticed an eight-headed hydra
 11927 | D:11     | Killed an eight-headed hydra
 11984 | D:11     | Found a staircase to the Lair.
 12458 | D:11     | Noticed a two-headed ogre
 12462 | D:11     | Killed a two-headed ogre
 12717 | Lair:1   | Entered Level 1 of the Lair of Beasts
 12875 | Lair:1   | Noticed an anaconda
 12884 | Lair:1   | Killed an anaconda
 12884 | Lair:1   | Received a gift from Okawaru
 12902 | Lair:1   | Noticed a death yak
 12908 | Lair:1   | Killed a death yak
 12908 | Lair:1   | Reached ****** piety under Okawaru
 12908 | Lair:1   | Received a gift from Okawaru
 12950 | Lair:1   | Noticed a dire elephant
 12956 | Lair:1   | Reached XP level 13. HP: 119/119 MP: 9/12
 12965 | Lair:1   | Killed a dire elephant
 12966 | Lair:1   | Reached skill level 1 in Maces & Flails
 13713 | Lair:2   | Found a staircase to the Snake Pit.
 13894 | Lair:2   | Noticed Urug
 13899 | Lair:2   | Killed Urug
 14428 | Lair:3   | Reached skill level 8 in Shields
 14429 | Lair:3   | Noticed Sonja
 14433 | Lair:3   | Killed Sonja
 14433 | Lair:3   | Received a gift from Okawaru
 14436 | Lair:3   | Received a gift from Okawaru
 14439 | Lair:3   | Reached skill level 15 in Armour
 15133 | Lair:3   | Found a runed translucent door.
 15136 | Lair:3   | Noticed Utowni's ghost (journeyman MiBe)
 16065 | D:13     | Found Zofam's Magic Scroll Boutique.
 16118 | D:13     | Found Bik Dune's Assorted Antiques.
 16128 | D:13     | Bought a scroll labelled REORHUUJOI for 34 gold pieces
 16204 | D:13     | Found a frozen archway.
 16221 | IceCv    | Entered an ice cave
 16481 | IceCv    | Reached XP level 14. HP: 84/132 MP: 14/14
 16863 | D:13     | Received a gift from Okawaru
 16864 | D:13     | Reached skill level 9 in Shields
 18363 | Orc:1    | Entered Level 1 of the Orcish Mines
 18548 | Orc:1    | Noticed Fannar
 18554 | Orc:1    | Killed Fannar
 18591 | Orc:1    | Noticed Maurice
 18606 | Orc:1    | Killed Maurice
 18607 | Orc:1    | Noticed Erolcha
 18615 | Orc:1    | Killed Erolcha
 18836 | Orc:1    | Noticed a daeva
 18837 | Orc:1    | Noticed Sensen's ghost (journeyman DrCj)
 18841 | Orc:1    | Found a transporter.
 18845 | Orc:1    | Found a transporter.
 18845 | Orc:1    | Found a one-way gate to the infinite horrors of the Abyss.
 19264 | Orc:1    | Reached skill level 10 in Shields
 19336 | Orc:1    | Noticed a stone giant
 19348 | Orc:1    | Killed a stone giant
 19356 | Orc:1    | Reached skill level 15 in Fighting
 19391 | Orc:1    | Found the +6 Majin-Bo {vamp, MP+6 Int+6}
 19457 | Orc:1    | Identified the +7 rapier "Bugaoqul" {flame, Dex+2}
 19460 | Orc:1    | Identified the +6 spear of the Sun {vorpal, rN++ MP-9 Int+8
                  | Dex-3}
 20733 | Orc:2    | Entered Level 2 of the Orcish Mines
 20755 | Orc:2    | Reached skill level 1 in Evocations
 20756 | Orc:2    | Found Enanko's Weapon Shoppe.
 20756 | Orc:2    | Found Cugoh's Book Emporium.
 20876 | Orc:2    | Received a gift from Okawaru
 20899 | Orc:2    | Paralysed by an ogre mage for 2 turns
 20937 | Orc:2    | Reached XP level 15. HP: 121/143 MP: 15/15
 21008 | Orc:2    | Found Dihaodaq's Book Boutique.
 21033 | Orc:2    | Found Qoothrul's Jewellery Shoppe.
 21171 | Orc:2    | Found a staircase to the Elven Halls.
 21384 | Orc:1    | Noticed a sphinx
 21685 | D:8      | Killed kalagan's ghost
 21694 | D:8      | Identified the +1 ring mail of the Gloaming {rC+}
 22004 | Lair:3   | Killed Utowni's ghost
 22087 | Lair:4   | Reached skill level 11 in Shields
 22280 | Lair:4   | Received a gift from Okawaru
 22383 | Lair:4   | Found a staircase to the Swamp.
 23758 | Lair:6   | Entered Level 6 of the Lair of Beasts
 23876 | Lair:6   | Received a gift from Okawaru
 24097 | Lair:6   | Got Sif Muna's Incunabulum of Dislocated Attacks
 24211 | Lair:6   | Reached skill level 12 in Shields
 24277 | Lair:6   | Identified the +0 pair of boots "Ysas Cua" {Rampage Int+2
                  | Stlth+} (Okawaru gifted it to you on level 6 of the Lair of
                  | Beasts)
 24277 | Lair:6   | Received a gift from Okawaru
 24346 | Lair:6   | Identified the +2 war axe of the Modern Wishes {vorpal, rN+
                  | rCorr}
 24487 | Lair:6   | Noticed Nessos
 24490 | Lair:6   | Found a staircase to the Slime Pits.
 24490 | Lair:6   | Found a viscous altar of Jiyva.
 24494 | Lair:6   | Killed Nessos
 24716 | Lair:6   | Identified the +0 cloak of Viny Awe {rC- Str+7}
 24754 | Lair:6   | Noticed Kirke
 24759 | Lair:6   | Killed Kirke
 24790 | Lair:6   | Reached skill level 13 in Shields
 24859 | Lair:6   | Reached XP level 16. HP: 101/155 MP: 16/16
 25277 | D:13     | Found a sparkling altar of Nemelex Xobeh.
 25345 | D:13     | Found Ecagh's Assorted Antiques.
 25485 | D:14     | Found a gate to the Vaults.
 25529 | D:14     | Reached skill level 5 in Dodging
 26397 | D:14     | Identified the +6 trident of the Wary Nightingales {speed,
                  | *Noise rC++ Stlth+}
 26425 | D:15     | Entered Level 15 of the Dungeon
 26571 | D:15     | Received a gift from Okawaru
 26571 | D:15     | Found the +18 shield of the Gong {rElec rN+ Will+ EV-5}
 26995 | D:15     | Found a stormy altar of Qazlal.
 27200 | D:15     | Found a staircase to the Depths.
 28004 | Orc:1    | Noticed a shadow dragon
 28070 | Orc:1    | Killed Sensen's ghost
 28547 | Snake:1  | Entered Level 1 of the Snake Pit
 28592 | Snake:1  | Noticed Aizul
 28605 | Snake:1  | Killed Aizul
 28610 | Snake:1  | Reached skill level 14 in Shields
 28614 | Snake:1  | Noticed Josephine
 28703 | Snake:1  | Killed Josephine
 28839 | Snake:1  | Noticed Roxanne
 28855 | Snake:1  | Killed Roxanne
 28865 | Snake:1  | Received a gift from Okawaru
 29482 | Snake:2  | Found Fagautten's Antique Weapon Boutique.
 29506 | Snake:2  | Reached XP level 17. HP: 138/166 MP: 17/17
 29543 | Snake:2  | Reached skill level 15 in Shields
 29609 | Snake:2  | You fall into a shaft and drop 1 floor!
 29800 | Snake:2  | Found a glowing golden altar of the Shining One.
 29924 | Snake:2  | Got the Catalogue of Twisted Poisoning
 30027 | Snake:3  | Identified the +9 mace "Ebuafiv" {flame, *Noise rC+ Will+
                  | Stlth+} (Okawaru gifted it to you on level 3 of the Snake
                  | Pit)
 30027 | Snake:3  | Received a gift from Okawaru
 30422 | Snake:3  | Found Aruny's Weapon Emporium.
 30805 | Snake:4  | Entered Level 4 of the Snake Pit
 30910 | Snake:4  | Reached skill level 16 in Shields
 30923 | Snake:4  | Identified the +1 ring mail of the Cockroach {+Blink rPois
                  | Str+5} (Okawaru gifted it to you on level 4 of the Snake
                  | Pit)
 30923 | Snake:4  | Received a gift from Okawaru
 30982 | Snake:4  | Noticed a quicksilver dragon
 31012 | Snake:4  | Killed a quicksilver dragon
 31212 | Snake:4  | Noticed a quicksilver dragon
 31217 | Snake:4  | Killed a quicksilver dragon
 31449 | Snake:4  | Got a serpentine rune of Zot
 31972 | Swamp:1  | Entered Level 1 of the Swamp
 32019 | Swamp:1  | Noticed Louise
 32021 | Swamp:1  | Reached skill level 17 in Shields
 32053 | Lair:4   | Killed Louise
 32532 | Swamp:2  | Reached XP level 18. HP: 80/177 MP: 18/18
 32559 | Swamp:2  | Received a gift from Okawaru
 33321 | Swamp:3  | Reached skill level 18 in Shields
 33878 | Swamp:4  | Entered Level 4 of the Swamp
 34340 | Swamp:4  | Identified the +9 falchion of the Tomato {pain, rCorr}
                  | (Okawaru gifted it to you on level 4 of the Swamp)
 34340 | Swamp:4  | Received a gift from Okawaru
 34349 | Swamp:4  | Noticed the 27-headed Lernaean hydra
 34357 | Swamp:4  | Killed the 27-headed Lernaean hydra
 34403 | Swamp:4  | Identified the ring "Saydeot" {rC+ Str+6 Dex+4 SInv}
 34641 | Swamp:4  | Got a decaying rune of Zot
 35230 | Elf:1    | Entered Level 1 of the Elven Halls
 35242 | Elf:1    | Reached skill level 19 in Shields
 35304 | Elf:1    | Received a gift from Okawaru
 35815 | Elf:1    | Found Ynoqe's Antique Armour Shop.
 35817 | Elf:1    | Found Ituc's Book Shop.
 35817 | Elf:1    | Found Xeofuo's Antique Weapon Boutique.
 35824 | Elf:1    | Found Jischi's Antique Weapon Boutique.
 35842 | Elf:1    | Bought a bone long sword for 314 gold pieces
 35842 | Elf:1    | Identified the +8 long sword "Zaeqor" {vorpal, Fly rC+
                  | Str+5} (You bought it in a shop on level 1 of the Elven
                  | Halls)
 36049 | Elf:1    | Found Ivyizer's Distillery.
 36290 | Elf:2    | Reached XP level 19. HP: 187/187 MP: 19/19
 36348 | Elf:2    | Identified the +1 pair of gloves "Lexteshe" {Harm rC+++
                  | rN++ Int-4} (Okawaru gifted it to you on level 2 of the
                  | Elven Halls)
 36348 | Elf:2    | Received a gift from Okawaru
 36380 | Elf:2    | Reached skill level 20 in Shields
 36608 | Elf:2    | Found Quocrer's General Store.
 36739 | Elf:2    | Found a runed translucent gate.
 36740 | Elf:2    | Found a runed translucent gate.
 36741 | Elf:2    | Found a runed translucent gate.
 36814 | Elf:2    | Found Muoniy's Magic Scroll Emporium.
 36826 | Elf:2    | Bought 2 scrolls of teleportation for 72 gold pieces
 36826 | Elf:2    | Bought a scroll of magic mapping for 42 gold pieces
 36826 | Elf:2    | Bought a scroll of fear for 42 gold pieces
 37038 | Elf:3    | Entered Level 3 of the Elven Halls
 37390 | Elf:3    | Noticed a Tzitzimitl
 37391 | Elf:3    | Noticed a Brimstone Fiend
 37418 | Elf:3    | Received a gift from Okawaru
 37421 | Elf:3    | Found the ring of the Octopus King {rCorr AC+1 EV+1 Str+1
                  | Int+1 Dex+1}
 37436 | Elf:3    | Identified the +8 great sword "Reudonis" {pain, rElec
                  | Str+4}
 37579 | Elf:3    | Identified the +1 pair of boots "Ryviwus" {Str+2 SInv}
 37610 | Elf:3    | Identified the +6 hand crossbow "Jaqi Wio" {elec, rElec
                  | rCorr}
 37881 | Elf:3    | Found Boahecipn's Distillery.
 37887 | Elf:3    | Bought a potion of might for 60 gold pieces
 38044 | Elf:3    | Reached skill level 21 in Shields
 38059 | Elf:3    | Received a gift from Okawaru
 38478 | Vaults:1 | Entered Level 1 of the Vaults
 38761 | Vaults:1 | Reached XP level 20. HP: 72/198 MP: 20/20
 39454 | Vaults:1 | Identified the +9 falchion of Umoetyeff {drain, *Noise
                  | Will+++ rCorr Str-4} (Okawaru gifted it to you on level 1
                  | of the Vaults)
 39454 | Vaults:1 | Received a gift from Okawaru
 39921 | Vaults:2 | Reached skill level 22 in Shields
 40490 | Vaults:3 | Received a gift from Okawaru
 40620 | Vaults:3 | Found Ysotreomm's Weapon Shop.
 41073 | Vaults:3 | Noticed Bai Suzhen
 41080 | Vaults:3 | Killed Bai Suzhen
 41512 | Vaults:3 | Noticed a bone dragon
 41523 | Vaults:3 | Killed a bone dragon
 41542 | Vaults:3 | Found a staircase to the Crypt.
 41611 | Vaults:4 | Received a gift from Okawaru
 41751 | Vaults:4 | Reached skill level 23 in Shields
 42815 | Vaults:4 | Reached XP level 21. HP: 209/209 MP: 21/21
 43174 | Vaults:4 | Received a gift from Okawaru
 43722 | Vaults:4 | Found a transporter.
 43733 | Vaults:4 | Found a transporter.
 43954 | Vaults:5 | Entered Level 5 of the Vaults
 44011 | Vaults:4 | Reached skill level 24 in Shields
 44252 | Vaults:5 | Noticed Mennas
 46198 | Vaults:5 | Reached skill level 25 in Shields
 46884 | Vaults:4 | Identified the +2 pair of boots "Tuog" {Dex+4} (Okawaru
                  | gifted it to you on level 4 of the Vaults)
 46884 | Vaults:4 | Received a gift from Okawaru
 47134 | Vaults:5 | HP: 9/211 [vault sentinel/bolt (14)]
 47180 | Vaults:5 | Killed from afar by a tengu reaver

Illustrated notes

Levels and vault maps discovered:
D:1:      evilmike_arrival_fibonacci_small, layout_basic
D:2:      layout_basic, serial_shops, nicolae_shop_advertising_works
          [nicolae_subvault_shop_adworks], kennysheep_cluttered_room
D:3:      layout_basic, mainiacjoe_overflow_concentric_impassable,
          shapermc_ecumenical_altar_notcrosses, minmay_divided_ellipse
D:4:      layout_rooms, minmay_misc_feat_five, hangedman_decor_points
D:5:      old_forge, layout_basic
D:6:      layout_layer_cave, mainiacjoe_overflow_surrounded_room,
          minmay_temple_entry_tees, uniq_edmund, uniq_maggie
D:7:      layout_loops_ring, nicolae_gozag_cash_rules_everything_around_me,
          fedhas_altar_fruit_tree, gammafunk_temple_overflow_forgotten,
          nicolae_ossuary_entry_giza, serial_bayou_pond_e, worms_lemuel
D:8:      layout_loops_ring, tso_metal_star, special_room [special_room_orc],
          gammafunk_ghost_stat_death
D:9:      layout_loops_cross, gammafunk_temple_of_torment,
          amcnicky_altar_gilded, nicolae_ru_awakened_eye, hiddenorc1_lemuel,
          special_room [special_room_bee], uniq_joseph, uniq_prince_ribbit1
D:10:     minmay_bloctagon_deflated, layout_stronghold, slow_altar_2,
          serial_shops, shop_statue
D:11:     minmay_chambers_of_sixes, layout_basic, due_lair_maze_entry_diamond,
          special_room [special_room_orc], serial_aquarium,
          aquarium_bridge_long_joined [aquarium_subvault_wall,
          aquarium_subvault_window, aquarium_subvault_bridge,
          aquarium_subvault_balcony, aquarium_subvault_wall,
          aquarium_subvault_bridge], aquarium_window_fake, aquarium_window_2,
          aquarium_window_2, aquarium_view_2d, aquarium_pool_split,
          gauntlet_entry_generic, minmay_misc_feat_cross, interstate_on_off
D:12:     layout_rooms
D:13:     layout_cave_pods, serial_ice, serial_ice_c, serial_ice_n,
          serial_ice_h, serial_ice_b, portal_ice_cave_entry_pillars_2,
          serial_shops, nicolae_shop_hallway_stairs, nicolae_stop_n_shop_1,
          shop, nemelex_xobeh_ov_fountains_minmay
D:14:     layout_cave_pods, david_vaults_3, hangedman_decor_riveting,
          minmay_stone_trees_large
D:15:     grunt_enter_depths_hoard, layout_basic,
          nicolae_qazlal_style_of_elements
Temple:   nicolae_temple_figure_zero
Lair:1:   layout_long_grid, nicolae_lair_lakeside_cave, serial_bayou_shore_b
Lair:2:   layout_gridlike, minmay_snake_entry_guardpost_small, uniq_urug
Lair:3:   layout_roguey, ebering_ghost_reflecting_pool, nicolae_lair_lindhole,
          grunt_megastairs_3, infiniplex_staircase_pool, uniq_sonja
Lair:4:   layout_gridlike, nicolae_swamp_entry_splash_gauntlet
Lair:5:   layout_layer_cave, serial_bayou_pond_b
Lair:6:   hangedman_lair_caniforms_friends, layout_loops_ring,
          hangedman_lair_in_review, slime_altar_1, uniq_kirke, uniq_nessos
Swamp:1:  layout_basic_swamp, evilmike_swamp_ruin_house_1, uniq_louise
Swamp:2:  layout_basic_swamp, serial_swamp_ruin, evilmike_swamp_ruin_house_5,
          evilmike_swamp_ruin_house_6, swamp_pool5, nicolae_swamp_oxbows,
          infiniplex_staircase_pool_2
Swamp:3:  layout_basic_swamp, evilmike_swamp_ruin_rubble_2, swamp_pool1,
          nicolae_swamp_small_spring
Swamp:4:  grunt_swamp_rune_castle, layout_basic_swamp, swamp_pool1,
          nicolae_swamp_soggy_hallways
Snake:1:  layout_misc_corridors, nicolae_snake_gridmaze_squiggle, uniq_aizul,
          uniq_josephine, uniq_roxanne
Snake:2:  layout_rooms, serial_shops, shop, basic_altar, st_stairs_3,
          grunt_ministairs_13
Snake:3:  layout_cave_town, serial_shops, shop
Snake:4:  hellmonk_snake_rune_quicksilver_temple, layout_cave_town
Orc:1:    giant_chief_lemuel, layout_caves, gammafunk_ghost_abyssal_escape,
          uniq_fannar, uniq_erolcha, uniq_maurice
Orc:2:    st_orc_open, layout_caves
Elf:1:    layout_loops_corners, serial_shops, nicolae_shop_hallway_plus,
          minivault_28, minmay_shoptagon
Elf:2:    elven_hall_of_blades_hangedman_original
          [nicolae_blade_entry_diamond_columns], layout_gridlike, serial_shops,
          nicolae_shop_stone, nicolae_shop_hallway_plus, hangedman_elf_represent
Elf:3:    grunt_elf_hall_asides, layout_loops_cross, serial_shops, shop
Vaults:1: st_cells, v_rooms_4, nicolae_vaults_network_s,
          nicolae_vaults_mini_display_case, nicolae_vaults_circle_grid_a,
          v_alt_pattern_3, nicolae_vaults_little_squares_3,
          nicolae_vaults_little_squares_6, nicolae_vaults_ring_of_whatevers,
          vaults_dpeg_ring, v_rooms_3, nicolae_vaults_theta,
          layout_vaults_omnibox
Vaults:2: nicolae_vaults_rhombus_6, v_pattern_4, ontoclasm_vaults_misaligned,
          vaults_room_hallway, vaults_mumra_minichess,
          hangedman_vaults_stretched_pinwheel, vaults_room_semicircle,
          v_misc_32, layout_vaults_maze_bifur
Vaults:3: minmay_crypt_entry_nasty_monster, nicolae_vaults_asterisk, v_misc_4,
          hangedman_vaults_slither, nicolae_vaults_asterisk,
          layout_vaults_omnigrid, serial_shops,
          nicolae_shop_bloodbath_and_beyond, uniq_bai_suzhen
Vaults:4: hangedman_vaults_slice, hangedman_vaults_capsules,
          gammafunk_sealed_arena, nicolae_vaults_arrows,
          ontoclasm_vaults_hangar, v_misc_18, nicolae_vaults_rhombus_7,
          nicolae_vaults_network_barrier, serial_ice_g, vaults_room_corners,
          layout_vaults_omnicross, uniq_margery
Vaults:5: uniq_mennas, uniq_saint_roka

Skill      XL: |  1  2  3  4  5  6  7  8  9 10 11 12 13 14 15 16 17 18 19 20 21 |
---------------+----------------------------------------------------------------+-----
Armour         | 4 5 6 7 8 10 11 12 14 15 17 18 19 20 21 | 21.1
Fighting       | 4 5 6 7 8 10 12 14 15 17 18 19 20 21 22 23 | 23.2
Long Blades    | 3 4 5 7 9 11 14 15 17 18 19 20 21 22 23 24 | 24.1
Shields        | 4 5 6 7 8 10 13 14 17 19 21 23 25 | 25.1
Dodging        | 1 2 3 4 5 6 7 8 |  8.1
Stealth        | 1 2 3 4 |  4.6
Invocations    | 1 2 |  2.9
Maces & Flails | 1 |  1.8
Evocations     | 1 2 |  2.2

Action                   |  1- 3 |  4- 6 |  7- 9 | 10-12 | 13-15 | 16-18 | 19-21 || total
-------------------------+-------+-------+-------+-------+-------+-------+-------++-------
Melee: Long sword        |    89 |   113 |    66 |       |    78 |       |       ||   346
       Headbutt          |     8 |    24 |    25 |    50 |   150 |   164 |   233 ||   654
       Double sword      |       |       |   109 |   346 |   634 |   847 |   930 ||  2866
       Mace              |       |       |       |     5 |     5 |       |       ||    10
Invok: Heroism           |       |       |       |     8 |     1 |     3 |    22 ||    34
Evoke: Wand              |       |       |       |     3 |    14 |     5 |       ||    22
  Use: Scroll            |     4 |       |     9 |    10 |     8 |     2 |     3 ||    36
       Potion            |       |       |       |     2 |       |     1 |     9 ||    12
 Stab: Held in net/web   |       |       |     1 |       |       |       |       ||     1
       Petrified         |       |       |       |       |     5 |       |       ||     5
       Confused          |       |       |       |       |       |     1 |       ||     1
       Distracted        |       |       |       |       |       |       |     1 ||     1
       Sleeping          |       |       |       |       |       |       |     1 ||     1
Armor: Chain mail        |    85 |    29 |       |    66 |    58 |       |       ||   238
       Scale mail        |     4 |       |       |       |       |     8 |    22 ||    34
       Plate armour      |       |    24 |   125 |   191 |   291 |   221 |   246 ||  1098
Dodge: Dodged            |    45 |    26 |    57 |   116 |   227 |    88 |   131 ||   690
Block: Buckler           |    18 |    31 |    43 |    92 |     1 |       |       ||   185
       Kite shield       |       |       |       |       |   431 |   909 |  1303 ||  2643
